 Dungeon Crawl Stone Soup version 0.27.0-1-g7a089689b8 (webtiles) character file.

Game seed: 4760830343137620039

76 sanka the Insei (level 4, -12/38 HPs)
             Began as a Draconian Monk on Aug 8, 2021.
             Killed by divine providence
             ... invoked by an orc priest
              (16 damage)
             ... on level 4 of the Dungeon.
             The game lasted 00:03:57 (2624 turns).

sanka the Insei (Draconian Monk)                    Turns: 2624, Time: 00:03:57

Health: -12/38     AC:  5    Str: 13    XL:     4   Next: 12%
Magic:  4/4        EV: 12    Int: 12    God:
Gold:   182        SH:  0    Dex: 13    Spells: 3/3 levels left

rFire    . . .     SeeInvis .     - Unarmed
rCold    . . .     Faith    .   (no shield)
rNeg     . . .     Spirit   .   (armour unavailable)
rPois    .         Reflect  .   (helmet restricted)
rElec    .         Harm     .   (no cloak)
rCorr    +         Rampage  .   (no gloves)
Will     .....                  (no boots)
Stlth    ++........             (no amulet)
HPRegen  0.12/turn              (no ring)
MPRegen  0.09/turn              h - ring of resist corrosion

@: no status effects
A: AC +5, unfitting armour, cold-blooded
a: no special abilities


You were on level 4 of the Dungeon.
You visited 1 branch of the dungeon, and saw 4 of its levels.

You collected 182 gold pieces.


Innate Abilities, Weirdness & Mutations

Your plain brown scales are hard. (AC +5)
You cannot fit into any form of body armour.
You are cold-blooded and may be slowed by cold attacks.


   Skills:
 - Level 3.2 Fighting
 - Level 2.6 Dodging
 - Level 1.7 Stealth
 + Level 5.0 Unarmed Combat


You had 3 spell levels left.
You didn't know any spells.
Your spell library contained the following spells:

 Spells                   Type           Power      Damage    Failure   Level
 Inner Flame              Hex/Fire       0%         N/A       69%         3
 Cause Fear               Hex            0%         N/A       97%         4
 Discord                  Hex            0%         N/A       100%        8

Inventory:

Magical Staves
 g - a staff of fire
Jewellery
 h - a ring of resist corrosion (right hand)
Wands
 d - a wand of mindburst (11)
Scrolls
 b - 3 scrolls of identify {unknown}
 c - 2 scrolls of fog {unknown}
 f - a scroll of teleportation {unknown}
 j - a scroll of amnesia {unknown}
Potions
 a - a potion of curing {unknown}
 e - a potion of resistance {unknown}
 i - a potion of heal wounds {unknown}

Dungeon Overview and Level Annotations

Branches:
Dungeon (4/15)
 Temple: D:4-7

Altars:
Ashenzari
Cheibriados
Fedhas
Kikubaaqudgha

Shops:
D:2 *==*(

Annotations:
D:4 Sigmund

▒▒▒
▒d▒
▒.▒
▒@▒
▒.▒
▒o▒
▒.▒
▒.▒
▒.▒
▒.▒


You could see Sigmund and an orc priest.


Message History

Unknown command.
You hit Sigmund.
Sigmund is severely wounded.
Sigmund casts a spell at you. You resist with some effort.
You closely miss Sigmund.
Sigmund is severely wounded.
Sigmund says, "You will soon forget everything."
Sigmund closely misses you.
Unknown command.
You completely miss Sigmund.
Sigmund is severely wounded.
Sigmund gestures at you while chanting.
You are confused.
Sigmund barely misses you. Sigmund hits you with a +0 scythe.
The orc priest misses you.
Sigmund hits you from afar with a +0 scythe.
You bump into the rock wall.
Sigmund closely misses you.
The orc priest invokes the aid of Beogh against you.
Beogh smites you!
* * * LOW HITPOINT WARNING * * *
There is a stone staircase leading up here.
You feel less confused.
Sigmund hits you from afar with a +0 scythe!
* * * LOW HITPOINT WARNING * * *
The orc priest calls down the wrath of Beogh upon you.
Beogh smites you!
You die...

Action                   |  1- 3 |  4- 6 || total
-------------------------+-------+-------++-------
Melee: Unarmed           |   185 |    30 ||   215
       Tailslap          |    22 |     2 ||    24
       Punch             |     2 |       ||     2
 Stab: Sleeping          |    10 |     2 ||    12
Armor: Skin              |    56 |    13 ||    69
Dodge: Dodged            |   117 |    29 ||   146

Levels and vault maps discovered:
D:1:      lemuel_arrival_muddy, layout_loops_cross, st_stairs_3
D:2:      layout_loops_ring, basic_altar,
          shapermc_ecumenical_altar_mp_ritualfount, serial_shops,
          nicolae_square_shop, shop, shop, nicolae_lakefront_shop, shop
D:3:      layout_rooms, gammafunk_temple_overflow_elements,
          ashenzari_conservatory_becter
D:4:      layout_basic, gammafunk_temple_overflow_wave, serial_shops,
          kennysheep_mini_moat, kennysheep_doodads, minmay_misc_feat_diagonals,
          uniq_crazy_yiuf_cottage, uniq_sigmund

Notes
Turn   | Place    | Note
-------+----------+-------------------------------------------
     0 | D:1      | sanka the Draconian Monk began the quest for the Orb.
     0 | D:1      | Reached XP level 1. HP: 19/19 MP: 1/1
   119 | D:1      | Reached XP level 2. HP: 19/26 MP: 2/2
   886 | D:1      | Reached skill level 4 in Unarmed Combat
  1052 | D:2      | Found Edeatel's Antique Weapon Shoppe.
  1097 | D:2      | Reached XP level 3. HP: 27/31 MP: 3/3
  1135 | D:2      | Found Jesi Zuoryl's Jewellery Shoppe.
  1146 | D:2      | Found Cot Jawn's Assorted Antiques.
  1277 | D:2      | Found a faded altar of an unknown god.
  1415 | D:2      | Found Lapnishe's Jewellery Shoppe.
  1574 | D:2      | Found Ostohah's Assorted Antiques.
  1750 | D:2      | Found an ancient bone altar of Kikubaaqudgha.
  2064 | D:3      | Reached XP level 4. HP: 28/38 MP: 4/4
  2219 | D:3      | Reached skill level 5 in Unarmed Combat
  2326 | D:3      | Found a broken altar of Ashenzari.
  2580 | D:3      | Found a blossoming altar of Fedhas.
  2580 | D:3      | Found a snail-covered altar of Cheibriados.
  2608 | D:4      | Identified a +0 robe of the Archmagi
  2608 | D:4      | Noticed Sigmund
  2624 | D:4      | Killed from afar by an orc priest

Vanquished Creatures
  An adder (D:2)
  4 orcs (D:3)
  3 ball pythons
  10 bats
  5 endoplasms
  2 giant cockroaches (D:2)
  2 goblins (D:1)
  6 hobgoblins
  4 jackals (D:1)
  A quokka (D:1)
  A frilled lizard (D:3)
  9 kobolds
  10 rats
58 creatures vanquished.

Vanquished Creatures (others)
  A fungus (D:2)
1 creature vanquished.

Grand Total: 59 creatures vanquished
